 Dungeon Crawl Stone Soup version 0.18-a0-183-gad09a0e (webtiles) character file.

1722 Zippy the Grappler (level 8, -2/61 HPs)
             Began as a Pale Draconian Chaos Knight on Nov 23, 2015.
             Slain by PeterLawrence's ghost (14 damage)
             ... on level 7 of the Dungeon.
             The game lasted 00:16:21 (6022 turns).

Zippy the Grappler (Pale Draconian Chaos Knight)    Turns: 6022, Time: 00:16:21

Health: -2/61      AC:  8    Str: 20    XL:     8   Next: 75%
Magic:  8/8        EV: 14    Int: 13    God:    Xom [....*.]
Gold:   1110       SH:  0    Dex: 12    Spells: 0 memorised, 7 levels left

rFire  . . .     SeeInvis .       - Unarmed
rCold  + + .     Rnd*Rage +     (armour unavailable)
rNeg   + . .     SustAt   .     (no shield)
rPois  .         Gourm    .     D - +1 hat
rElec  .         Spirit   .     (no cloak)
rCorr  .         Warding  +     q - +0 pair of gloves
rMut   .         Rnd*Tele +     (no boots)
MR     .....                    l - amulet of warding
Stlth  +.........               f - ring "Lelunoi" {god gift, rC++ Str+5}
                                r - ring of wizardry

@: not resistant to hostile enchantments, very unstealthy
A: breathe steam, unfitting armour, talons 1, berserk 1, frail 1, teleportitis
1, cold-blooded, AC +6
a: Breathe Steam, Renounce Religion


You were on level 7 of the Dungeon.
You worshipped Xom.
You were a beloved toy of Xom.
You were not hungry.

You visited 1 branch of the dungeon, and saw 7 of its levels.

You collected 1328 gold pieces.
You spent 218 gold pieces at shops.

Inventory:

Hand Weapons
 y - the +3 longbow of Cobbank {venom, +Fly Int+6 Dex+3}
   (You bought it in a shop on level 7 of the Dungeon)

   It poisons the ammo it fires.
   It affects your intelligence (+6).
   It affects your dexterity (+3).
   It lets you fly.
Missiles
 u - 21 poisoned needles
 v - a javelin (quivered)
 A - 21 arrows
Armour
 q - a +0 pair of gloves (worn)
 D - a +1 hat (worn)
Jewellery
 e - an uncursed ring of ice
 f - the ring "Lelunoi" (right hand) {god gift, rC++ Str+5}
   (Xom gifted it to you on level 2 of the Dungeon)

   [ring of strength]

   It affects your strength (+5).
   It greatly protects you from cold.
 g - an uncursed ring of protection from cold
 l - an amulet of warding (around neck)
 r - a ring of wizardry (left hand)
Wands
 h - a wand of draining (9)
 x - a wand of heal wounds (5)
Scrolls
 b - 5 scrolls of teleportation
 c - 2 scrolls of enchant weapon
 n - a scroll of amnesia
 C - a scroll of blinking
Potions
 d - 2 potions of haste
 i - 2 potions of curing
 k - a potion of cure mutation {unknown}
 m - 3 potions of degeneration
 p - a potion of flight
 s - a potion of agility
 z - a potion of magic {unknown}
Comestibles
 a - 4 bread rations
 j - 10 fruits
 o - a beef jerky
 t - 2 meat rations
 w - a royal jelly
 B - 5 chunks of flesh {@w1}


   Skills:
 - Level 5.2 Fighting
 - Level 4.8 Dodging
 + Level 10.0 Unarmed Combat


You had 7 spell levels left.
You didn't know any spells.

Dungeon Overview and Level Annotations

Branches:
Dungeon (7/15)             Temple (0/1) D:5

Altars:
Elyvilon
Gozag
Kikubaaqudgha
Nemelex Xobeh
Okawaru
Qazlal
Ru
Trog
Yredelemnul
The Shining One

Shops:
D:7 (

Annotations:
D:7 PeterLawrence's ghost, novice GrFi


Innate Abilities, Weirdness & Mutations

You can breathe blasts of scalding, opaque steam.
Your pale cyan-grey scales are hard (AC +6).
Your body does not fit into most forms of armour.
You are cold-blooded and may be slowed by cold attacks.
You have sharp toenails.
You tend to lose your temper in combat.
You are frail (-10% HP).
You are occasionally teleported to nearby monsters.


Message History

PeterLawrence's ghost hits you!
You completely miss PeterLawrence's ghost.
You claw PeterLawrence's ghost, but do no damage.
You tail-slap PeterLawrence's ghost, but do no damage.
PeterLawrence's ghost is heavily damaged.
PeterLawrence's ghost hits you.
Drink which item? (? for menu, Esc to quit)
Okay, then.
Unknown command.
You hit PeterLawrence's ghost but do no damage.
You tail-slap PeterLawrence's ghost, but do no damage.
PeterLawrence's ghost is heavily damaged.
You have got your breath back.
PeterLawrence's ghost hits you!!
* * * LOW HITPOINT WARNING * * *
You barely miss PeterLawrence's ghost.
PeterLawrence's ghost is heavily damaged.
PeterLawrence's ghost hits you!
You die...
Xom howls with laughter!

## #.. .# # #.. .#
#.#.. # .#
#.#.######.# # .# ##
####.#<.......###. .#
..
.......@W((((....>##.#
##
####.....####'#....W.#
## ####...# #####§.#
.. #.$....# #...(#.#
## #.##...# ##.#.#.# #
#....# # #)##♣ #....#
. #..# ##...#
....##.## ....#
#.......<#


You could see PeterLawrence's ghost.

Vanquished Creatures
  A spriggan (D:7)
  An ice beast (D:5)
  A black bear (D:6)
  2 sky beasts
  A phantom (D:4)
  5 ogres
  A centaur (D:4)
  2 crimson imps (D:6)
  2 hounds
  A centaur skeleton (D:7)
  2 orc priests
  A jelly (D:5)
  3 worker ants
  4 orc wizards (D:5)
  An iguana (D:6)
  A hound skeleton (D:4)
  2 worker ant zombies (D:5)
  5 adders
  A worm (D:3)
  3 giant geckos
  27 orcs
  7 giant cockroaches
  3 goblins
  10 hobgoblins
  11 jackals
  3 quokkas
  2 ball pythons (D:1)
  A ball python skeleton (D:4)
  8 bats
  3 giant newts
  3 kobolds
  11 rats
129 creatures vanquished.

Notes
Turn   | Place    | Note
--------------------------------------------------------------
     0 | D:1      | Zippy the Draconian Chaos Knight began the quest for the Orb.
     0 | D:1      | Reached XP level 1. HP: 19/19 MP: 1/1
   150 | D:1      | Reached XP level 2. HP: 24/26 MP: 2/2
   799 | D:1      | Reached skill level 4 in Unarmed Combat
   992 | D:2      | Reached XP level 3. HP: 31/31 MP: 3/3
  1014 | D:2      | Found an opulent altar of Gozag.
  1016 | D:2      | Found a stormy altar of Qazlal.
  1020 | D:2      | Found an iron altar of Okawaru.
  1020 | D:2      | Found a sacrificial altar of Ru.
  1021 | D:2      | Found an ancient bone altar of Kikubaaqudgha.
  1022 | D:2      | Found a basalt altar of Yredelemnul.
  1031 | D:2      | Found a sparkling altar of Nemelex Xobeh.
  1033 | D:2      | Found a bloodstained altar of Trog.
  1589 | D:2      | XOM: divination: magic mapping
  1691 | D:2      | XOM: god gift: scorched marble ring {god gift}
  1692 | D:2      | Got a scorched marble ring {god gift}
  1693 | D:2      | Identified the ring "Lelunoi" {god gift, rC++ Str+5} (Xom gifted it to you on level 2 of the Dungeon)
  1820 | D:2      | XOM is BORED!
  1820 | D:2      | XOM: medium Necr miscast
  1821 | D:2      | Noticed a shadow
  1821 | D:2      | Noticed a shadow
  1842 | D:3      | XOM: stealth player
  2020 | D:3      | XOM: mild Ice miscast
  2048 | D:3      | XOM: divination: detect items
  2056 | D:3      | Reached XP level 4. HP: 31/38 MP: 4/4
  2063 | D:3      | Reached skill level 5 in Unarmed Combat
  2404 | D:3      | Noticed an ogre
  2409 | D:3      | XOM: potion effect (agility)
  2411 | D:3      | XOM: confuse monster(s)
  2415 | D:3      | Killed an ogre
  2415 | D:3      | Reached skill level 6 in Unarmed Combat
  2415 | D:3      | Reached XP level 5. HP: 43/45 MP: 5/5
  2563 | D:4      | Noticed an ogre
  2567 | D:4      | Noticed a phantom
  2568 | D:4      | XOM: potion effect (haste)
  2794 | D:3      | XOM: harmless Pois miscast
  2817 | D:3      | XOM: colour smoke trail
  2880 | D:3      | XOM: divination: detect creatures
  2975 | D:3      | XOM: cast spell 'Spider Form'
  2984 | D:4      | XOM: summons friendly ufetubus
  2985 | D:4      | Found a white marble altar of Elyvilon.
  3090 | D:4      | XOM: smoke on damage
  3107 | D:4      | XOM: divination: magic mapping
  3260 | D:3      | XOM: divination: detect creatures
  3266 | D:4      | XOM: confuse monster(s)
  3311 | D:4      | XOM: mild Tloc miscast
  3312 | D:4      | Noticed a spatial vortex
  3322 | D:4      | Killed a phantom
  3322 | D:4      | Reached XP level 6. HP: 30/53 MP: 6/6
  3567 | D:4      | Found a glowing golden altar of the Shining One.
  3692 | D:4      | XOM: polymorph iguana -> centaur
  3703 | D:4      | Reached skill level 5 in Fighting
  3756 | D:4      | XOM: severe Tloc miscast
  3759 | D:5      | Entered Level 5 of the Dungeon
  3797 | D:5      | Gained mutation: You are frail (-10% HP). [mutagenic glow]
  3803 | D:5      | Your scales start taking on a pale cyan-grey colour.
  3803 | D:5      | Reached XP level 7. HP: 51/54 MP: 7/7
  3821 | D:5      | Gained mutation: You are occasionally teleported to nearby monsters. [mutagenic glow]
  3878 | D:5      | Gained mutation: You tend to lose your temper in combat. [mutagenic glow]
  3888 | D:5      | XOM: blink monster(s)
  3891 | D:5      | Found a staircase to the Ecumenical Temple.
  3891 | D:5      | XOM: 3-stop teleportation journey
  4164 | D:5      | XOM: mild Ice miscast
  4233 | D:5      | Reached skill level 7 in Unarmed Combat
  4258 | D:5      | XOM: god gift: 1010 gold pieces
  4303 | D:5      | XOM: vitrification
  4433 | D:5      | XOM: give mutation
  4433 | D:5      | Gained mutation: You have sharp toenails. [Xom's grace]
  4543 | D:5      | XOM: cast spell 'Spider Form'
  4641 | D:5      | Reached XP level 8. HP: 61/61 MP: 8/8
  4653 | D:5      | Reached skill level 8 in Unarmed Combat
  4897 | D:6      | XOM: swap monsters
  5373 | D:6      | XOM: vitrification
  5395 | D:6      | XOM: vitrification
  5515 | D:7      | Found Wiynirir's Antique Weapon Shoppe.
  5555 | D:7      | Reached skill level 9 in Unarmed Combat
  5685 | D:7      | Bought a dazzling longbow for 218 gold pieces
  5685 | D:7      | Identified the +3 longbow of Cobbank {venom, +Fly Int+6 Dex+3} (You bought it in a shop on level 7 of the Dungeon)
  5993 | D:7      | Noticed PeterLawrence's ghost (novice GrFi)
  5997 | D:7      | XOM: divine lightning (protected)
  5998 | D:7      | XOM: 2-stop teleportation journey
  6009 | D:7      | Reached skill level 10 in Unarmed Combat
  6022 | D:7      | Slain by PeterLawrence's ghost

Vault maps used:
D:1:      minmay_arrival_up_and_down, serial_curves, eino_curves_02,
          eino_curves_02, eino_curves_04, eino_curves_04,
          corexii_leaking_fountain, st_stairs_7, minmay_misc_feat_iff
D:2:      minitemple
D:3:      kennysheep_crisscross
D:4:      elyvilon_altar_5, nicolae_overflow_hidden_temple,
          nicolae_tso_swordbearing_angel, first_bread
D:5:      kennysheep_six_static_rooms, minmay_temple_entry_junction
D:6:      hangedman_decor_lopped
D:7:      kennysheep_kobold_camp, cheibrodos_worm_habitat, serial_shops,
          nicolae_shop_statue_plus, the_bakery

Action                   |  1- 3 |  4- 6 |  7- 9 || total
-------------------------+-------+-------+-------++-------
Melee: Unarmed           |   175 |   191 |   159 ||   525
Throw: Javelin           |       |     3 |    10 ||    13
 Abil: Breathe Steam     |       |       |    13 ||    13
  Use: Scroll            |     1 |     4 |     8 ||    13
       Potion            |       |     4 |       ||     4
 Stab: Confused          |       |     1 |       ||     1
  Eat: Chunk             |     4 |     6 |     7 ||    17
       Fruit             |       |       |     2 ||     2
